[Event "Team 45 45 League T38"]
[Site "Internet Chess Club"]
[Date "2008.08.22"]
[Round "5"]
[White "andrew0311"]
[Black "seldredg"]
[Result "1-0"]
[WhiteElo "1392"]
[BlackElo "1273"]
[Opening "Petrov: Cozio (Lasker) attack"]
[ECO "C42"]
[Time "19:30:08"]
[TimeControl "2700+45"]

1. e4 e5 2. Nf3 Nf6 3. Nxe5 d6 4. Nf3 Nxe4 5. Qe2 Qe7 6. d3 Nf6 7. Bg5 Nbd7 8.
Nc3 h6 9. Bh4 Qxe2+ 10. Bxe2 Be7 11. Nb5 O-O 12. Nxc7 Rb8 13. O-O Bd8 14. Nb5
Re8 15. Rfe1 Re6 16. Nxa7 Bb6 17. Nb5 Nf8 18. Rad1 Bd7 19. Nbd4 Ree8 20. Bxf6
gxf6 21. Nb3 d5 22. c4 dxc4 23. dxc4 Bf5 24. Nbd4 Be4 25. Nb5 Bc5 26. Nd2 Rbd8
27. Nxe4 Rxd1 28. Nxf6+ Kh8 29. Rxd1 Rxe2 30. Rb1 Rxf2 31. Kh1 Rxf6 32. b4 Bxb4
33. h3 Bc5 34. Kh2 Rf2 35. a4 b6 36. Nc3 Rf4 37. Rb2 Rxc4 38. Rb3 Ng6 39. Kg3
Kg7 40. Kf3 Bd4 41. Nb5 Ne5+ 42. Kg3 Ba1 43. Ra3 Bd4 44. Nd6 Rb4 45. Nf5+ Kf6
46. Nxh6 Kg5 47. Ng8 f5 48. h4+ Kg6 49. Ne7+ Kh5 50. Nxf5 Bb2 51. Ra2 Rg4+ 52.
Kh3 Nd3 53. Ng3+ Rxg3+ 54. Kxg3 Be5+ 55. Kh3 Bd4 56. g4+ Kg6 57. Rd2 Nf4+ 58.
Kg3 Be5 59. Kf3 Bc7 60. Rc2 Bd8 61. Kxf4 Bxh4 62. Rc6+ {Black resigns} 1-0

[Event "Team 45 45 League T38"]
[Site "Internet Chess Club"]
[Date "2008.08.23"]
[Round "5"]
[White "moreffee"]
[Black "mumu"]
[Result "1-0"]
[WhiteElo "1312"]
[BlackElo "1209"]
[Opening "Giuoco Piano"]
[ECO "C54"]
[Time "13:59:35"]
[TimeControl "2700+45"]

1. e4 e5 2. Nf3 Nc6 3. Bc4 Bc5 4. c3 Nf6 5. d3 d6 6. h3 O-O 7. Bg5 Be6 8. Bxe6
fxe6 9. Nbd2 Qd7 10. Nh2 Rf7 11. Ndf3 Raf8 12. Bxf6 Rxf6 13. Ng4 R6f7 14. Rf1
Ne7 15. d4 Bb6 16. Qd3 Ng6 17. O-O-O Nf4 18. Qd2 Nxg2 19. Nfxe5 Qe8 20. Nxf7
Rxf7 21. f4 Nh4 22. Qf2 Ng6 23. Qg3 Qf8 24. Rd2 e5 25. f5 exd4 26. cxd4 Ba5 27.
Rdf2 Kh8 28. fxg6 Rxf2 29. Rxf2 Qe7 30. gxh7 Qxe4 31. Qe3 Qh1+ 32. Kc2 Qc6+ 33.
Kd1 Qh1+ 34. Ke2 Qe1+ 35. Kf3 Qh1+ 36. Kf4 Qb1 37. Kg5 Qxa2 38. Rf8+ Kxh7 39.
Qe4+ g6 40. Qxg6# {Black checkmated} 1-0

[Event "Team 45 45 League T38"]
[Site "Internet Chess Club"]
[Date "2008.08.24"]
[Round "5"]
[White "Rubacchus"]
[Black "knight2f3"]
[Result "0-1"]
[WhiteElo "1308"]
[BlackElo "1477"]
[Opening "Czech Benoni defense"]
[ECO "A56"]
[Time "14:03:59"]
[TimeControl "2700+45"]

1. d4 Nf6 2. c4 c5 3. d5 e5 4. dxe6 fxe6 5. Nc3 d5 6. cxd5 exd5 7. Bg5 Be6 8.
Bxf6 gxf6 9. Nf3 Qb6 10. Qc2 d4 11. Ne4 Qb4+ 12. Qd2 Qxd2+ 13. Nfxd2 Nd7 14. g3
f5 15. Ng5 Bd5 16. Ndf3 h5 17. h4 Bd6 18. Bh3 Rf8 19. O-O O-O-O 20. b3 Kb8 21.
Rad1 f4 22. Ne6 Bxe6 23. Bxe6 fxg3 24. fxg3 Bxg3 25. Kg2 Bf4 26. Ng5 Ne5 27. Nf3
Nxf3 28. Rxf3 Rde8 29. Bc4 Be3 30. Rf7 Rxf7 31. Bxf7 Re7 32. Bxh5 Rh7 33. Bg6
Rxh4 34. Kf3 Rf4+ 35. Kg3 Rf6 36. Bd3 Kc7 37. Rh1 Kb6 38. Rh7 Rc6 39. a4 Rc7 40.
Rxc7 Kxc7 41. Kf3 Kb6 42. Ke4 Ka5 43. Bc2 b5 44. axb5 Kxb5 45. Kd3 Kb4 46. Bd1
Bh6 47. Bc2 Bf8 48. Bd1 Ka3 49. Bc2 Kb2 50. Bd1 Kc1 51. Bc2 Be7 52. e3 dxe3 53.
Kxe3 Kxc2 {White resigns} 0-1

[Event "Team 45 45 League T38"]
[Site "Internet Chess Club"]
[Date "2008.08.23"]
[Round "5"]
[White "AtomicDog"]
[Black "gaboonzoom"]
[Result "0-1"]
[WhiteElo "1401"]
[BlackElo "1432"]
[Opening "Ruy Lopez"]
[ECO "C70"]
[Time "10:00:58"]
[TimeControl "2700+45"]

1. e4 e5 2. Nf3 Nc6 3. Bb5 a6 4. Ba4 Be7 5. c3 Nf6 6. d3 d6 7. O-O Bg4 8. Be3
Qd7 9. Nbd2 O-O 10. Bb3 d5 11. exd5 Nxd5 12. Bxd5 Qxd5 13. Ne4 f5 14. c4 Qd7 15.
Nc5 Bxc5 16. Bxc5 Rfd8 17. h3 Bh5 18. Re1 Bxf3 19. Qxf3 Qxd3 20. Qxd3 Rxd3 21.
Re3 Rad8 22. Rae1 e4 23. Rxd3 Rxd3 24. b4 Rc3 25. a4 Rxc4 26. f3 Nxb4 27. Bxb4
Rxb4 {White resigns} 0-1

[Event "Team 45 45 League T38"]
[Site "Internet Chess Club"]
[Date "2008.08.24"]
[Round "5"]
[White "chips"]
[Black "Kingangyal"]
[Result "1-0"]
[WhiteElo "1169"]
[BlackElo "1236"]
[Opening "Pirc: Holmov system"]
[ECO "B07"]
[Time "13:32:37"]
[TimeControl "2700+45"]

1. e4 d6 2. d4 Nf6 3. Nc3 g6 4. Bc4 Nxe4 5. Nxe4 d5 6. Bxd5 Qxd5 7. Qd3 Bf5 8.
f3 Bg7 9. c3 O-O 10. Bg5 Re8 11. Bf4 e5 12. Be3 Nc6 13. Ne2 Rad8 14. O-O exd4
15. Bxd4 Nxd4 16. cxd4 Bxd4+ 17. Nxd4 Qxd4+ 18. Qxd4 Bxe4 19. Qxa7 Bc6 20. Qf2
Rd7 21. Qh4 Re2 22. Rf2 Re6 23. b4 Red6 24. a4 Rd1+ 25. Rxd1 Rxd1+ 26. Rf1 Rd7
27. b5 Bd5 28. Qd4 c6 29. Rd1 Kf8 30. Qh8+ Ke7 31. Re1+ Kd6 32. Re8 Kc5 33. bxc6
bxc6 34. Qa1 Ra7 35. Re3 f5 36. Rd3 Kd6 37. Qf6+ Kc5 38. Qd4+ Kd6 39. Qxa7
{Black resigns} 1-0

[Event "Team 45 45 League T38"]
[Site "Internet Chess Club"]
[Date "2008.08.23"]
[Round "5"]
[White "DaMelch"]
[Black "carolinaknight"]
[Result "1-0"]
[WhiteElo "1310"]
[BlackElo "1242"]
[Opening "French: advance variation"]
[ECO "C02"]
[Time "20:01:12"]
[TimeControl "2700+45"]

1. e4 e6 2. d4 d5 3. e5 c5 4. c3 Qb6 5. Nf3 Nc6 6. a3 cxd4 7. cxd4 Bd7 8. Be2
Nge7 9. O-O Nf5 10. b4 Ncxd4 11. Be3 Bb5 12. Bxb5+ Qxb5 13. Nxd4 Qb6 14. Nxf5
Qc7 15. Nd4 Qxe5 16. Re1 Bd6 17. g3 Qf6 18. Qa4+ Ke7 19. Nc3 Be5 20. Bf4 Bxd4
21. Nxd5+ {Black resigns} 1-0

[Event "Team 45 45 League T38"]
[Site "Internet Chess Club"]
[Date "2008.08.25"]
[Round "5"]
[White "furrbrain"]
[Black "jeffk"]
[Result "1-0"]
[WhiteElo "1196"]
[BlackElo "1148"]
[Opening "King's pawn opening"]
[ECO "B07"]
[Time "20:03:18"]
[TimeControl "2700+45"]

1. e4 d6 2. d4 g6 3. Nf3 Bg7 4. Bc4 Be6 5. Bxe6 fxe6 6. Ng5 Qd7 7. Qf3 Bxd4 8.
Qf7+ Kd8 9. Nxe6+ Qxe6 10. Qxe6 Nc6 11. O-O Nf6 12. Bg5 Bxb2 13. e5 Bxa1 14.
exf6 exf6 15. Bxf6+ Bxf6 16. Qxf6+ Kd7 17. Re1 Rhf8 18. Qg7+ Kd8 19. Qxf8+
{Black resigns} 1-0

[Event "Team 45 45 League T38"]
[Site "Internet Chess Club"]
[Date "2008.08.23"]
[Round "5"]
[White "JimGaming"]
[Black "PsyMar"]
[Result "1-0"]
[WhiteElo "1228"]
[BlackElo "1106"]
[Opening "Scotch gambit"]
[ECO "C44"]
[Time "14:00:15"]
[TimeControl "2700+45"]

1. e4 e5 2. Nf3 Nc6 3. d4 exd4 4. Bc4 Bb4+ 5. c3 dxc3 6. bxc3 Ba5 7. O-O Bb6 8.
Ng5 Nh6 9. Be3 Ne5 10. Bb3 O-O 11. Qd5 Bxe3 12. fxe3 Qxg5 13. Rf4 d6 14. Qd1 Bh3
15. Qf1 Be6 16. Nd2 Bxb3 17. axb3 Nhg4 18. Qe2 Rae8 19. Nf3 Nxf3+ 20. Qxf3 Ne5
21. Qe2 Ng6 22. Rg4 Qh5 23. Qf3 Ne5 24. Rxg7+ Kxg7 25. Qxh5 Nd3 26. Qg4+ Kh8 27.
Rf1 Rg8 28. Qf5 Ne5 29. Rf4 Rg7 30. Rh4 Reg8 31. Qf6 Nd7 32. Qd4 f6 33. g3 Rg5
34. Qd1 Ne5 35. Qf1 Rf8 36. Qh3 Nf3+ 37. Kg2 Nxh4+ 38. Qxh4 h5 39. Qf4 f5 40.
Qxg5 fxe4 41. Qxh5+ Kg7 42. Qg5+ Kh7 43. Qe7+ Kg8 44. Qxe4 b6 45. Qe6+ Kg7 46.
Qe7+ Rf7 47. Qg5+ Kf8 48. Qh6+ Kg8 49. Qg6+ Kf8 50. Qe6 Kg8 51. h4 a5 52. h5 Kf8
53. h6 Re7 54. Qxe7+ Kxe7 55. h7 a4 56. bxa4 c6 57. h8=Q b5 58. axb5 cxb5 59.
Qb8 Kd7 60. Qxb5+ Kc8 61. Qa6+ Kb8 62. g4 d5 63. g5 d4 64. cxd4 Kc7 65. g6 Kd7
66. g7 Ke7 67. g8=Q Kd7 68. Qg7+ Ke8 69. Qa8# {Black checkmated} 1-0

[Event "Team 45 45 League T38"]
[Site "Internet Chess Club"]
[Date "2008.08.24"]
[Round "5"]
[White "rj115225"]
[Black "king4aknight"]
[Result "0-1"]
[WhiteElo "943"]
[BlackElo "1087"]
[Opening "Scotch opening"]
[ECO "C44"]
[Time "11:03:00"]
[TimeControl "2700+45"]

1. e4 e5 2. Nf3 Nc6 3. d4 d6 4. d5 Nce7 5. Bb5+ c6 6. Ba4 Qa5+ 7. Nc3 Nf6 8. O-O
b5 9. b3 Qxc3 10. Rb1 bxa4 11. Qd2 Qc5 12. Re1 cxd5 13. b4 Qc6 14. Ng5 dxe4 15.
b5 Qb7 16. Rb4 h6 17. Nxe4 Nxe4 18. Rexe4 Nd5 19. Rbc4 Qxb5 20. Qd3 Qb7 21. Rb4
Nxb4 22. g4 Nxd3 23. cxd3 Bxg4 24. Rxg4 Rc8 25. Rxa4 Rxc1# {White checkmated}
0-1

[Event "Team 45 45 League T38"]
[Site "Internet Chess Club"]
[Date "2008.08.30"]
[Round "5"]
[White "BosqueVerde"]
[Black "moreffee"]
[Result "0-1"]
[WhiteElo "1325"]
[BlackElo "1367"]
[Opening "Budapest: Fajarowicz variation"]
[ECO "A51"]
[Time "15:06:59"]
[TimeControl "2700+45"]

1. d4 Nf6 2. c4 e5 3. dxe5 Ne4 4. Qd4 Nc5 5. Nf3 Nc6 6. Qd1 Be7 7. Nc3 O-O 8. e4
d6 9. exd6 Bxd6 10. Be2 Re8 11. O-O Nxe4 12. Nxe4 Rxe4 13. Bg5 Qe8 14. Bd3 Re6
15. a3 Be7 16. Qc2 Bxg5 17. Nxg5 g6 18. Nxe6 Bxe6 19. Rfe1 Qd7 20. Rad1 Nd4 21.
Qc3 c5 22. b4 b6 23. Be4 Rd8 24. b5 Ne2+ 25. Kf1 Nxc3 26. Rxd7 Rxd7 27. Bc6
Bxc4+ 28. Kg1 Rd1 29. Rxd1 Nxd1 30. g4 g5 31. Kg2 Nc3 32. Kf3 Bd5+ 33. Bxd5 Nxd5
34. Ke4 Nc3+ 35. Ke5 Nxb5 36. f4 gxf4 37. Kxf4 Nxa3 38. Kf5 Kg7 39. h4 Nc4 40.
h5 f6 41. g5 fxg5 42. Kxg5 a5 43. h6+ Kf7 44. Kf5 a4 45. Ke4 a3 46. Kd3 a2 47.
Kxc4 a1=Q 48. Kb5 Qb2+ 49. Kc6 Kg6 50. Kd5 Kxh6 51. Kc6 Kg7 52. Kd6 Qf6+ 53. Kd7
c4 54. Ke8 c3 55. Kd7 c2 56. Ke8 c1=Q 57. Kd7 Qd2+ 58. Kc7 Qdc3+ 59. Kd7 Qcd4+
60. Kc7 Qdd6+ 61. Kc8 Qc6+ 62. Kb8 b5 63. Ka7 Qf7+ 64. Kb8 Qce8# {White
checkmated} 0-1

[Event "Team 45 45 League T38"]
[Site "Internet Chess Club"]
[Date "2008.08.24"]
[Round "5"]
[White "farbror"]
[Black "Graybeard"]
[Result "1/2-1/2"]
[WhiteElo "1156"]
[BlackElo "1226"]
[Opening "Vienna gambit"]
[ECO "C29"]
[Time "22:30:42"]
[TimeControl "2700+45"]

1. e4 e5 2. Nc3 Nf6 3. f4 Nc6 4. fxe5 Nxe5 5. Nf3 Bd6 6. d4 Nxf3+ 7. Qxf3 Bb4 8.
Bd2 O-O 9. Bc4 Qe7 10. Nd5 Bxd2+ 11. Kxd2 Nxd5 12. Bxd5 c6 13. Bb3 d6 14. Rhf1
Be6 15. d5 Qg5+ 16. Qf4 Qxg2+ 17. Rf2 Qg6 18. dxe6 fxe6 19. Qe3 Rxf2+ 20. Qxf2
Qxe4 21. Qe3 Qg2+ 22. Qe2 Qg5+ 23. Ke1 Qe7 24. Bxe6+ Kh8 25. Bb3 Re8 26. Qxe7
Rxe7+ 27. Kd2 h6 28. Rf1 d5 29. c4 d4 30. c5 Rd7 31. Kd3 b6 32. cxb6 axb6 33.
Rf7 Rd6 34. Re7 b5 35. Re6 Rd8 36. Rxc6 Rf8 37. Kxd4 b4 38. Be6 Kh7 39. Rc2 g5
40. Kc4 Rf4+ 41. Kb3 Kg6 42. Rc4 Rf6 43. Bc8 h5 44. Kxb4 g4 45. a4 Rf2 46. Bxg4
hxg4 47. Rxg4+ Kf5 48. Rg3 Rxb2+ 49. Rb3 Rxh2 50. Ka3 Rh8 51. Rb5+ Ke6 52. a5
Ra8 53. Ka4 Kd7 54. Rb6 Kc7 55. Kb5 Rb8 56. Rxb8 Kxb8 57. Kb6 Ka8 58. a6 Kb8 59.
a7+ Ka8 60. Ka6 {Black stalemated} 1/2-1/2

[Event "Team 45 45 League T38"]
[Site "Internet Chess Club"]
[Date "2008.08.25"]
[Round "5"]
[White "jocooper"]
[Black "RedSkull"]
[Result "0-1"]
[WhiteElo "1153"]
[BlackElo "1196"]
[Opening "King's Indian: 6.Be2"]
[ECO "E91"]
[Time "21:00:09"]
[TimeControl "2700+45"]

1. d4 Nf6 2. c4 g6 3. Nc3 Bg7 4. e4 d6 5. Be2 O-O 6. Nf3 c5 7. d5 Nbd7 8. O-O
Qa5 9. Bd2 Ne5 10. Nb5 Qd8 11. Bd3 Nxd3 12. Qc2 Ne5 13. Nxe5 a6 14. Nc3 dxe5 15.
Rad1 Qb6 16. Na4 Qd6 17. Be3 b6 18. b4 Nd7 19. bxc5 Nxc5 20. Nxc5 bxc5 21. Rb1
Rb8 22. Rxb8 Qxb8 23. Bxc5 Re8 24. Rd1 Bf8 25. Qa4 Bb7 26. Rb1 e6 27. Rxb7 Qxb7
28. g3 Qc8 29. d6 Rd8 30. Qa3 Qc6 31. Qa5 Rd7 32. Be3 Bxd6 33. Bh6 Bf8 34. Bxf8
Kxf8 35. Qb4+ Qd6 36. Qe1 Qd1 37. Kf1 Qxe1+ 38. Kxe1 Rd4 39. c5 Rxe4+ 40. Kd2
Rc4 41. Ke3 Rxc5 42. Ke4 Ke7 43. a3 Kf6 44. h4 Ra5 45. f4 Ra4+ 46. Kf3 Rxa3+ 47.
Kg4 exf4 48. gxf4 Ra5 {White resigns} 0-1

[Event "Team 45 45 League T38"]
[Site "Internet Chess Club"]
[Date "2008.08.24"]
[Round "5"]
[White "kjs110"]
[Black "Renato77"]
[Result "0-1"]
[WhiteElo "1138"]
[BlackElo "1181"]
[Opening "French defense"]
[ECO "C00"]
[Time "17:01:46"]
[TimeControl "2700+45"]

1. e4 e6 2. Nf3 Nc6 3. g3 b6 4. Bg2 Bb7 5. O-O Qf6 6. e5 Qf5 7. d4 O-O-O 8. Qd3
Qxd3 9. cxd3 d5 10. Ng5 Rd7 11. Be3 f6 12. Nxe6 Rf7 13. Bh3 Kb8 14. Nc3 fxe5 15.
Nxd5 Bd6 16. dxe5 Nxe5 17. Bd4 Bxd5 18. f4 Nf3+ 19. Rxf3 Bxe6 20. Bxe6 Re7 21.
Re1 Nf6 22. Rfe3 Bb4 23. Bc3 Bc5 24. d4 Bd6 25. Bc4 Rxe3 26. Rxe3 Ng4 27. Re6 h6
28. Kg2 Kc8 29. Rg6 Ne3+ 30. Kf3 Nxc4 31. Rxg7 Re8 32. b3 Re3+ 33. Kg4 Rxc3 34.
bxc4 Rxc4 35. f5 Rxd4+ 36. Kh5 c5 37. f6 c4 38. f7 c3 39. Rg8+ Kc7 40. f8=Q Bxf8
41. Rxf8 c2 42. Rf1 Rd1 43. Rf7+ Kc6 44. Rf6+ Kc5 45. Rf5+ Kc4 46. Rf4+ Kd3 47.
Rf3+ Ke2 48. Rc3 c1=Q 49. Rxc1 Rxc1 50. Kxh6 Rc6+ 51. Kh5 Kf3 52. g4 Kf4 53. g5
Rc8 54. Kh6 a5 55. h4 b5 56. h5 Kg4 57. g6 a4 58. g7 b4 59. Kg6 b3 60. axb3 axb3
61. h6 b2 62. h7 Rc6+ 63. Kf7 Rc7+ 64. Kg6 b1=Q+ 65. Kh6 Rc6# {White checkmated}
0-1

[Event "Team 45 45 League T38"]
[Site "Internet Chess Club"]
[Date "2008.08.25"]
[Round "5"]
[White "fuzzface"]
[Black "KingOfHearts"]
[Result "1-0"]
[WhiteElo "1317"]
[BlackElo "1221"]
[Opening "Ruy Lopez: Anderssen variation"]
[ECO "C77"]
[Time "08:54:03"]
[TimeControl "2700+45"]

1. e4 e5 2. Nf3 Nc6 3. Bb5 a6 4. Ba4 Nf6 5. d3 h6 6. a3 Be7 7. Bxc6 dxc6 8. Nxe5
O-O 9. h3 Re8 10. Nf3 b5 11. O-O Bb7 12. Nh4 Nxe4 13. Qg4 Bxh4 14. dxe4 Re6 15.
Rd1 Qe7 16. Nc3 c5 17. f3 Re8 18. Nd5 Bxd5 19. Rxd5 c4 20. Be3 Rg6 21. Qd7 Rd8
22. Qxe7 Bxe7 23. Rxd8+ Bxd8 24. Rd1 Rd6 25. Rd5 Rxd5 26. exd5 f5 27. Bc5 Kf7
28. Kf2 Be7 29. Bxe7 Kxe7 30. Ke3 Kd6 31. Kd4 g5 32. b4 cxb3 33. cxb3 a5 34. b4
axb4 35. axb4 h5 36. g4 hxg4 37. hxg4 fxg4 38. fxg4 c6 39. dxc6 Kxc6 40. Ke5 Kd7
41. Kf5 Kd6 42. Kxg5 Kd5 43. Kf6 Kc4 44. g5 Kxb4 45. g6 Kc5 46. g7 {Black
resigns} 1-0

[Event "Team 45 45 League T38"]
[Site "Internet Chess Club"]
[Date "2008.08.25"]
[Round "5"]
[White "The-Capitalist"]
[Black "theartist"]
[Result "0-1"]
[WhiteElo "1172"]
[BlackElo "1275"]
[Opening "French: Steinitz variation"]
[ECO "C11"]
[Time "16:01:23"]
[TimeControl "2700+45"]

1. e4 e6 2. d4 d5 3. Nc3 Nf6 4. e5 Nfd7 5. Nf3 c5 6. b3 Nc6 7. Be3 Qb6 8. dxc5
Bxc5 9. Bxc5 Qxc5 10. Qd2 Ndxe5 11. Nxe5 Nxe5 12. Bb5+ Bd7 13. Bxd7+ Nxd7 14.
O-O Rc8 15. Ne2 O-O 16. c3 Nf6 17. Qd4 Qxd4 18. cxd4 Rc2 19. Ng3 Rfc8 20. f3 Rd2
21. Rac1 Rcc2 22. Rxc2 Rxc2 23. Ra1 Kf8 24. Nf1 Ke7 25. a3 Kd7 26. Rd1 Rc3 27.
Rb1 Rd3 28. b4 Rxd4 29. Kf2 Rd3 30. a4 e5 31. Ke2 Ra3 32. a5 d4 33. Rd1 Nd5 34.
Rd3 Rxd3 35. Kxd3 Nxb4+ 36. Kd2 Nc6 37. Kd3 Nxa5 38. Nd2 b5 39. g4 Nc6 40. h4 a5
41. Nb3 Kd6 42. g5 Kd5 43. h5 h6 44. gxh6 gxh6 45. Kc2 f5 46. Nd2 e4 47. fxe4+
fxe4 48. Nf1 a4 49. Kb2 b4 50. Ka2 e3 {White resigns} 0-1

[Event "Team 45 45 League T38"]
[Site "Internet Chess Club"]
[Date "2008.08.24"]
[Round "5"]
[White "Esslinger"]
[Black "ffplayer"]
[Result "1-0"]
[WhiteElo "1125"]
[BlackElo "1186"]
[Opening "QGD: Manhattan variation"]
[ECO "D51"]
[Time "17:00:55"]
[TimeControl "2700+45"]

1. d4 e6 2. c4 d5 3. Nc3 Nf6 4. Bg5 Nbd7 5. e3 Bb4 6. Bd3 h6 7. Bh4 O-O 8. Nf3
a6 9. O-O c6 10. Ne5 Be7 11. Nf3 dxc4 12. Bxc4 b5 13. Bd3 Nd5 14. Bxe7 Qxe7 15.
e4 Nxc3 16. bxc3 e5 17. Rb1 c5 18. d5 c4 19. Be2 Nf6 20. Qc2 Bg4 21. a4 Bxf3 22.
Bxf3 Rfb8 23. Rb4 Ne8 24. Rfb1 Nd6 25. Qb2 Qg5 26. axb5 axb5 27. Ra1 Qe7 28. Qb1
Qd8 29. Rb2 Rxa1 30. Qxa1 Ra8 31. Ra2 Rb8 32. h3 Qe8 33. Ra6 Qd8 34. Qa3 Nc8 35.
Qc5 Rb6 36. Ra8 Qd6 37. Rxc8+ Kh7 38. Qxd6 Rxd6 39. Rc6 Rd8 40. Rb6 Kg8 41. Rxb5
Rc8 42. Rb4 Kf8 43. Be2 Ke7 44. Rxc4 Rxc4 45. Bxc4 Kd6 46. Bb5 f6 47. f3 Kc5 48.
c4 Kd6 49. Kf2 Kc5 50. Ke3 g5 51. g4 Kd6 52. Kd3 Kc5 53. Kc3 Kd6 54. Kb4 Kc7 55.
Kc5 Kd8 56. Kd6 Kc8 57. Ke7 Kc7 58. d6+ Kc8 59. d7+ {Black resigns} 1-0

[Event "Team 45 45 League T38"]
[Site "Internet Chess Club"]
[Date "2008.08.25"]
[Round "5"]
[White "nanning"]
[Black "Swaney"]
[Result "1-0"]
[WhiteElo "1570"]
[BlackElo "1736"]
[Opening "Bogo-Indian defense, Grünfeld variation"]
[ECO "E11"]
[Time "14:03:49"]
[TimeControl "2700+45"]

1. d4 Nf6 2. c4 e6 3. Nf3 Bb4+ 4. Nbd2 O-O 5. a3 Be7 6. e4 d5 7. e5 Ne4 8. Bd3
Nxd2 9. Bxd2 dxc4 10. Bxc4 c5 11. dxc5 Bxc5 12. O-O Nc6 13. Qc2 Be7 14. Rad1 Qc7
15. Qe4 Bd7 16. Bd3 g6 17. Bh6 Rfd8 18. Rfe1 Nb8 19. Ng5 Bf8 20. Qh4 Be7 21. Qf4
Be8 22. Re3 Nc6 23. Nxh7 Kxh7 24. Rh3 Kg8 25. Bg7 f5 26. Rh8+ Kf7 27. Qh6 Nxe5
28. Rh7 Kg8 29. Bf6 Bxf6 30. Rxc7 Nxd3 31. Qh7+ Kf8 32. Rxb7 Nxb2 33. Rxd8 Rxd8
34. h4 Be5 35. g3 Rd1+ 36. Kh2 Rd2 37. Qh6+ {Black resigns} 1-0

[Event "Team 45 45 League T38"]
[Site "Internet Chess Club"]
[Date "2008.08.25"]
[Round "5"]
[White "Ghashgork"]
[Black "Pilgrim"]
[Result "1-0"]
[WhiteElo "1690"]
[BlackElo "1540"]
[Opening "Bird's opening"]
[ECO "A02"]
[Time "11:04:59"]
[TimeControl "2700+45"]

1. f4 Nf6 2. Nf3 g6 3. Nc3 Bg7 4. e4 d6 5. Be2 Nc6 6. O-O O-O 7. Bc4 Ng4 8. h3
Nh6 9. d3 e6 10. a3 a6 11. Rb1 b5 12. Ba2 Nd4 13. Nxd4 Bxd4+ 14. Kh2 Bb7 15. f5
Bg7 16. f6 Bxf6 17. Bxh6 Be5+ 18. Kh1 f5 19. Bxe6+ Rf7 20. Bxf7+ Kxf7 21. d4 Qh4
22. dxe5 Qxh6 23. exd6 Ke6 24. d7 Rd8 25. exf5+ Kf7 26. fxg6+ Kxg6 27. Qg4+ Qg5
28. Qxg5+ Kxg5 29. Rbd1 Kh4 30. Rd4+ Kh5 31. Kh2 Kg6 32. Ne4 Bxe4 33. Rxe4 Rxd7
34. Re6+ Kg7 35. Rxa6 Rd2 36. Rc6 {Black resigns} 1-0

[Event "Team 45 45 League T38"]
[Site "Internet Chess Club"]
[Date "2008.08.22"]
[Round "5"]
[White "BarryNL"]
[Black "smsxman"]
[Result "0-1"]
[WhiteElo "1513"]
[BlackElo "1483"]
[Opening "Ruy Lopez: Berlin defense, 4.O-O, d6"]
[ECO "C66"]
[Time "14:02:11"]
[TimeControl "2700+45"]

1. e4 e5 2. Nf3 Nc6 3. Bb5 d6 4. O-O Nf6 5. Re1 Be7 6. h3 Bd7 7. c3 Na5 8. Bxd7+
Qxd7 9. d4 exd4 10. cxd4 b6 11. Nc3 c6 12. Be3 O-O 13. Rc1 Nc4 14. Qc2 Nxe3 15.
Rxe3 b5 16. Ne2 c5 17. d5 h6 18. Nd2 a6 19. a3 Rfe8 20. b4 cxb4 21. axb4 Nh7 22.
Rc3 Bf6 23. Rc7 Qd8 24. Qc6 Be5 25. Qb7 Rf8 26. Rd7 Qf6 27. Rcc7 Ng5 28. f4 Bxf4
29. Nxf4 Qxf4 30. Rc2 Nxe4 31. Nxe4 Qxe4 32. Qc7 Qxd5 33. Rxd6 Qe4 34. Qc3 Rfe8
35. Qg3 Qxc2 36. Rxh6 Qc1+ 37. Kh2 Qxh6 {White resigns} 0-1

[Event "Team 45 45 League T38"]
[Site "Internet Chess Club"]
[Date "2008.08.24"]
[Round "5"]
[White "Mutaant"]
[Black "EyeAm"]
[Result "1-0"]
[WhiteElo "1434"]
[BlackElo "1447"]
[Opening "Four knights: Italian variation"]
[ECO "C47"]
[Time "17:59:20"]
[TimeControl "2700+45"]

1. e4 e5 2. Nf3 Nf6 3. Nc3 Nc6 4. Bc4 Nxe4 5. Nxe4 d5 6. Bd3 dxe4 7. Bxe4 Bd6 8.
Bxc6+ bxc6 9. Qe2 O-O 10. d3 Re8 11. O-O Bg4 12. Qe4 Bxf3 13. Qxf3 c5 14. Be3
Rb8 15. b3 Qd7 16. Rae1 c6 17. Bd2 f5 18. Re2 Rf8 19. Bc3 Rbe8 20. Re3 e4 21.
dxe4 fxe4 22. Qe2 Rf4 23. f3 Qe6 24. g3 Rxf3 25. Rfxf3 {Black forfeits on time}
1-0

[Event "Team 45 45 League T38"]
[Site "Internet Chess Club"]
[Date "2008.08.25"]
[Round "5"]
[White "Razorbackchess"]
[Black "okun"]
[Result "1-0"]
[WhiteElo "1782"]
[BlackElo "1583"]
[Opening "King's Indian: 6.Be2"]
[ECO "E91"]
[Time "19:01:51"]
[TimeControl "2700+45"]

1. d4 Nf6 2. c4 g6 3. Nc3 Bg7 4. e4 d6 5. Be2 O-O 6. Nf3 c5 7. d5 Na6 8. O-O Nc7
9. Be3 Ng4 10. Bc1 e6 11. Ne1 Ne5 12. f4 Nd7 13. Be3 Nf6 14. h3 exd5 15. cxd5
Re8 16. Bf3 b5 17. a3 a5 18. e5 dxe5 19. d6 e4 20. dxc7 Qxd1 21. Bxd1 Nd7 22.
Nxb5 Bxb2 23. Rb1 Bg7 24. Ba4 Nb6 25. Nd6 Re6 26. Rxb6 {Black resigns} 1-0

[Event "Team 45 45 League T38"]
[Site "Internet Chess Club"]
[Date "2008.08.23"]
[Round "5"]
[White "Pranav1"]
[Black "peterdiplaros"]
[Result "0-1"]
[WhiteElo "1520"]
[BlackElo "1410"]
[Opening "Sicilian: closed"]
[ECO "B24"]
[Time "14:56:56"]
[TimeControl "2700+45"]

1. e4 c5 2. Nc3 Nc6 3. g3 Nf6 4. h3 d6 5. Bg2 e6 6. d3 Be7 7. Be3 Qb6 8. Nge2 e5
9. Qd2 Nd4 10. f4 Qxb2 11. Rb1 Qxc2 12. Bxd4 Qxd2+ 13. Kxd2 cxd4 14. Nd1 b6 15.
Nb2 Nd7 16. Nc4 Nc5 17. fxe5 dxe5 18. Nxe5 Bf6 19. Nf3 Ba6 20. Rbd1 Nxd3 21.
Rdf1 Rd8 22. e5 Nxe5 23. Nxe5 Bxe5 24. Bc6+ Ke7 25. g4 Rd6 26. Ba4 Bb7 27. Rc1
Bxh1 28. Rc7+ Kf6 29. Bb3 Bd5 30. Bxd5 Rxd5 31. Rxa7 d3 32. Ng1 Bf4+ 33. Kd1 Rc8
{White resigns} 0-1

[Event "Team 45 45 League T38"]
[Site "Internet Chess Club"]
[Date "2008.08.24"]
[Round "5"]
[White "kingphisch"]
[Black "ticopatzer"]
[Result "0-1"]
[WhiteElo "1433"]
[BlackElo "1459"]
[Opening "Petrov: Nimzovich attack"]
[ECO "C42"]
[Time "21:55:34"]
[TimeControl "2700+45"]

1. e4 e5 2. Nf3 Nf6 3. Nxe5 d6 4. Nf3 Nxe4 5. Nc3 Nxc3 6. dxc3 Nc6 7. Be3 Be7 8.
Qd2 Be6 9. Be2 O-O 10. O-O a5 11. Rad1 Bxa2 12. b3 a4 13. Bc4 axb3 14. cxb3 Ra3
15. Ra1 Qa8 16. Qb2 Bf6 17. Nd4 Ne5 18. Be2 c6 19. Nc2 Rxb3 20. Qxb3 Bxb3 21.
Rxa8 Rxa8 22. Nb4 c5 23. Nd3 Nxd3 24. Bxd3 Bxc3 25. Rb1 Bd5 26. Rc1 Bf6 27. Bf4
Rd8 28. Re1 Bc6 29. Rd1 d5 30. Bc7 Rd7 31. Bb6 c4 32. Bf5 Ba4 33. Bxd7 Bxd1 34.
Bc8 c3 35. Bxb7 c2 36. Be3 d4 37. Bc1 d3 38. Bf3 Bc3 39. Kf1 d2 40. Ba3 c1=Q
{White resigns} 0-1

[Event "Team 45 45 League T38"]
[Site "Internet Chess Club"]
[Date "2008.08.25"]
[Round "5"]
[White "supraholic"]
[Black "jjaillet2007"]
[Result "1-0"]
[WhiteElo "1287"]
[BlackElo "1206"]
[Opening "French defense"]
[ECO "C00"]
[Time "21:00:20"]
[TimeControl "2700+45"]

1. e4 e6 2. Nf3 d5 3. e5 c5 4. Be2 Nc6 5. c3 f6 6. Bb5 Bd7 7. Bxc6 Bxc6 8. d4
cxd4 9. cxd4 fxe5 10. Nxe5 Bd6 11. Qh5+ g6 12. Nxg6 Nf6 13. Qh3 Kf7 14. Nxh8+
Qxh8 15. O-O Ne4 16. Nd2 Qxd4 17. Qxh7+ Qg7 18. Qxg7+ Kxg7 19. Nxe4 dxe4 20. Be3
Rh8 21. g3 b6 22. Rfd1 Be5 23. Bd4 Bxd4 24. Rxd4 Kf6 25. Rd6 Bd5 26. Rd1 Ke7 27.
R1xd5 exd5 28. Rxd5 Ke6 29. Rg5 Kf6 30. h4 Rc8 31. a4 a5 32. Rb5 Rc6 33. h5 Ke7
34. Re5+ Re6 35. Rxe6+ Kxe6 36. g4 Kf6 37. Kg2 Kg5 38. Kg3 Kf6 39. Kf4 e3 40.
fxe3 Kg7 41. e4 Kh6 42. Kf5 Kg7 43. e5 Kf7 44. e6+ Kg7 45. h6+ Kf8 46. h7 Kg7
47. e7 Kxh7 48. e8=Q {Black resigns} 1-0

[Event "Team 45 45 League T38"]
[Site "Internet Chess Club"]
[Date "2008.08.24"]
[Round "5"]
[White "DrOMM"]
[Black "CLEAN"]
[Result "0-1"]
[WhiteElo "1278"]
[BlackElo "1322"]
[Opening "Giuoco Piano: four knights variation"]
[ECO "C55"]
[Time "16:30:32"]
[TimeControl "2700+45"]

1. e4 e5 2. Nf3 Nc6 3. Bc4 Nf6 4. Nc3 Bc5 5. O-O b6 6. a3 Bb7 7. b4 Be7 8. b5
Nd4 9. Nxe5 d5 10. exd5 Nxd5 11. Nxd5 Bxd5 12. Qg4 Bxc4 13. Qxg7 Bf6 14. Qg3
Ne2+ {White resigns} 0-1